 Dungeon Crawl Stone Soup version 0.24.1-14-gf8d2b50 (webtiles) character file.

Game seed: 15830716380751437613, levelgen mode: deterministic

303 shmeve the Shield-Bearer (level 6, -1/53 HPs)
             Began as a Minotaur Berserker on June 14, 2020.
             Was a Believer of Trog.
             Slain by a gnoll
             ... wielding a +0 halberd
              (3 damage)
             ... on level 4 of the Dungeon.
             The game lasted 00:03:48 (3359 turns).

shmeve the Shield-Bearer (Minotaur Berserker)       Turns: 3359, Time: 00:03:49

Health: -1/53      AC: 12    Str: 22    XL:     6   Next: 15%
Magic:  5/5        EV:  7    Int:  5    God:    Trog [**....]
Gold:   122        SH: 10    Dex: 10    Spells: 5/5 levels left

rFire    . . .     SeeInvis .   a - +0 hand axe
rCold    . . .     Gourm    .   j - +0 shield (curse)
rNeg     . . .     Faith    .   m - +0 chain mail (curse)
rPois    .         Spirit   .   (helmet restricted)
rElec    .         Reflect  .   (no cloak)
rCorr    .         Harm     .   (no gloves)
MR       .....                  n - +2 pair of boots
Stlth    ..........             (no amulet)
HPRegen  0.17/turn              (no ring)
MPRegen  0.09/turn              (no ring)

@: berserk cooldown, slowed, very slow
A: retaliatory headbutt, horns 2
a: Berserk, Trog's Hand, Renounce Religion


You were on level 4 of the Dungeon.
You worshipped Trog.
Trog was pleased with you.
You were not hungry.

You visited 1 branch of the dungeon, and saw 4 of its levels.

You collected 122 gold pieces.

Inventory:

Hand Weapons
 a - a +0 hand axe (weapon)
Armour
 j - a cursed +0 shield (worn)
 m - a cursed +0 chain mail (worn)
 n - a +2 pair of boots (worn)
Scrolls
 b - a scroll of noise {unknown}
 d - a scroll of blinking {unknown}
 e - 2 scrolls of fear {unknown}
 f - 2 scrolls of immolation {unknown}
 g - a scroll of identify {unknown}
 k - 2 scrolls of remove curse {unknown}
Potions
 h - 3 potions of heal wounds {unknown}
 i - 2 potions of curing {unknown}
 l - a potion of haste {unknown}
Comestibles
 c - 8 rations


   Skills:
 * Level 4.6 Fighting
 * Level 4.6 Axes
 + Level 1.3 Throwing
 + Level 3.1 Armour
 + Level 2.9 Dodging
 * Level 4.8 Shields


You had 5 spell levels left.
You didn't know any spells.
Your spell library was empty.

Dungeon Overview and Level Annotations

Branches:
Dungeon (4/15)
 Temple: D:4-7

Altars:
Qazlal


Innate Abilities, Weirdness & Mutations

You reflexively headbutt those who attack you in melee.
You have a pair of horns on your head.


Message History

The gnoll hits you but does no damage.
Okay, then.
You closely miss the gnoll.
The gnoll is severely wounded.
You hit the gnoll shaman but do no damage.
You hit the gnoll. You closely miss the gnoll.
The gnoll hits you with a +0 halberd.
* * * LOW HITPOINT WARNING * * *
You block the gnoll's attack. The gnoll barely misses you.
The gnoll shaman hits you but does no damage.
You block the gnoll's attack. The gnoll hits you but does no damage.
The gnoll barely misses you. You block the gnoll's attack.
The gnoll shaman hits you but does no damage.
The gnoll hits you with a +0 spear.
* * * LOW HITPOINT WARNING * * *
The gnoll hits you but does no damage. The gnoll shaman closely misses you.
You furiously retaliate!
You headbutt the gnoll shaman! You block the gnoll's attack.
The gnoll hits you from afar with a +0 halberd.
You die...

#....# ##
######....#
...##...##....##.
.......?.#......
......" .....
#.g.# #..# ###
#.gg###..###...#
#.gg@...<.....$+
#....).........#
#..............#
#.....#.....####
#...#########
#...) #.....
#.... #$##


You could see a gnoll shaman and 4 gnolls.

Vanquished Creatures
  An ogre (D:4)
  2 orc priests (D:3)
  A hound skeleton (D:4)
  A gnoll (D:4)
  8 adders
  2 worms
  2 dart slugs
  2 orcs (D:3)
  5 bats
  7 goblins
  6 hobgoblins
  6 jackals
  2 ball pythons
  2 frilled lizards
  6 kobolds
  7 rats
60 creatures vanquished.

Notes
Turn   | Place    | Note
-------+----------+-------------------------------------------
     0 | D:1      | shmeve the Minotaur Berserker began the quest for the Orb.
     0 | D:1      | Reached XP level 1. HP: 19/19 MP: 0/0
   362 | D:1      | Reached XP level 2. HP: 27/27 MP: 1/1
  1255 | D:2      | Reached XP level 3. HP: 28/33 MP: 2/2
  1445 | D:2      | Reached ** piety under Trog
  1581 | D:2      | Reached skill level 1 in Shields
  1894 | D:2      | Reached XP level 4. HP: 41/41 MP: 3/3
  2381 | D:3      | Reached XP level 5. HP: 35/47 MP: 4/4
  2881 | D:3      | Found a stormy altar of Qazlal.
  3065 | D:3      | Reached skill level 1 in Throwing
  3328 | D:4      | Noticed an ogre
  3334 | D:4      | Killed an ogre
  3334 | D:4      | Reached XP level 6. HP: 53/53 MP: 5/5
  3358 | D:4      | HP: 2/53 [gnoll/+0 spear (5)]
  3359 | D:4      | Slain by a gnoll

Levels and vault maps discovered:
D:1:      lightli_arrival_statuegarden, layout_basic
D:2:      layout_loops_ring
D:3:      layout_loops_ring, lemuel_doored_altar, first_ration,
          grunt_decor_arrowhead, grunt_decor_one_mirror
D:4:      layout_gridville, nicolae_overflow_crystal_walls,
          chequers_temple_overflow_statue_of_worship, uniq_duvessa

Skill      XL: |  1  2  3  4  5 |
---------------+----------------+-----
Fighting       | 4 |  4.6
Axes           | 4 |  4.6
Shields        | 1 3 4 |  4.8
Throwing       | 1 |  1.3
Armour         | 3 |  3.1
Dodging        | |  2.9

Action                   |  1- 3 |  4- 6 || total
-------------------------+-------+-------++-------
Melee: Hand axe          |    72 |    93 ||   165
       Headbutt          |     5 |    13 ||    18
Invok: Berserk           |       |     2 ||     2
       Trog's Hand       |       |     2 ||     2
  Eat: Chunk             |     3 |     7 ||    10
Armor: Animal skin       |    12 |       ||    12
       Scale mail        |       |     8 ||     8
       Chain mail        |       |    53 ||    53
Dodge: Dodged            |    42 |    49 ||    91
Block: Shield            |       |    29 ||    29
